 Dungeon Crawl Stone Soup version 0.26.1-2-gb8aa6d0cf2 (webtiles) character file.

Game seed: 6147781377708089841

57 Gadfly the Sneak (level 3, 0/19 HPs)
             Began as a Vampire Enchanter on Feb 20, 2021.
             Shot with a stone by a goblin (2 damage)
             ... on level 2 of the Dungeon.
             The game lasted 00:04:28 (2177 turns).

Gadfly the Sneak (Vampire Enchanter)                Turns: 2177, Time: 00:04:28

Health: 0/19       AC:  2    Str:  7    XL:     3   Next: 73%
Magic:  1/6        EV: 13    Int: 17    God:
Gold:   68         SH:  0    Dex: 15    Spells: 0/6 levels left

rFire    . . .     SeeInvis +   a - +1 dagger
rCold    + + .     Faith    .   (no shield)
rNeg     + + +     Spirit   .   b - +0 robe
rPois    ∞         Reflect  .   (no helmet)
rElec    .         Harm     .   (no cloak)
rCorr    .         Rampage  .   (no gloves)
Will     .....                  (no boots)
Stlth    +++++.....             (no amulet)
HPRegen  0.00/turn              (no ring)
MPRegen  0.10/turn              (no ring)

@: bloodless
A: fangs 3, see invisible, unbreathing
a: Bat Form, Revivify


You were on level 2 of the Dungeon.
You visited 1 branch of the dungeon, and saw 2 of its levels.

You collected 68 gold pieces.

Inventory:

Hand Weapons
 a - a +1 dagger (weapon)
Armour
 b - a +0 robe (worn)
Scrolls
 d - 4 scrolls of remove curse
 h - a scroll of identify {unknown}
 i - a scroll of magic mapping {unknown}
Potions
 e - a potion of might {unknown}
 f - a potion of haste {unknown}
 g - a potion of mutation {unknown}


   Skills:
 + Level 0.3 Fighting
 + Level 1.4 Short Blades
 * Level 2.7 Dodging
 * Level 5.4 Stealth
 * Level 2.4 Spellcasting
 * Level 5.0 Hexes


You couldn't memorise any spells.
You knew the following spells:

 Your Spells              Type           Power        Failure   Level
a - Corona                Hex            21%          2%          1
b - Ensorcelled Hibernat  Hex/Ice        20%          10%         2
c - Confusing Touch       Hex            19%          7%          3

Your spell library contained the following spells:

 Spells                   Type           Power        Failure   Level
 Tukima's Dance           Hex            19%          7%          3
 Dazzling Flash           Conj/Hex       20%          21%         3


Dungeon Overview and Level Annotations

Branches:
Dungeon (2/15)

Altars:
Qazlal


Innate Abilities, Weirdness & Mutations

You do not regenerate when monsters are visible.
You are frail without blood (-20% HP).
You can heal yourself when you bite living creatures.
You are immune to poison.
You have razor-sharp teeth.
You have supernaturally acute eyesight. (SInv)
You can survive without breathing.


Message History

The bat closely misses you.
An adder comes into view.
You miss the goblin.
The goblin unwields a +0 hunting sling.
The goblin wields a +0 club.
The goblin hits you with a +0 club. The goblin misses you.
The bat hits you but does no damage.
You see here a stone.
The goblin hits you with a +0 club!
The goblin unwields a +0 club.
The goblin wields a +0 hunting sling.
The goblin shoots a stone.
The stone hits you.
* * * LOW HITPOINT WARNING * * *
Your magical contamination has completely faded away.
You feel better.
The goblin shoots a stone.
The stone hits you.
* * * LOW HITPOINT WARNING * * *
The goblin shoots a stone.
The stone misses you.
The goblin shoots a stone.
The stone hits you.
* * * LOW HITPOINT WARNING * * *
You see here a stone.
The goblin shoots a stone.
The stone hits you.
You die...

..##.>...........# #g.##
......###.######## #.##
.......##.#### #b# #.#
.............# ###g# #.#.#
...........########.(># #.#.#
........##....[...#.### #.#.#
........########...(# #.#.#
...............#.(### #.#.#
........######..@.#### #.#.#
........# ##<.....####.#.##
........# #...##....##....#
........# ####.#####....<##..###
........# #....####............#
.......####..................###
#....................#########
...################### ####


You could see a goblin and a bat.

Vanquished Creatures
  An adder (D:1)
  A gnoll (D:1)
  An ufetubus (D:1)
  An ooze (D:2)
  A leopard gecko (D:1)
  3 goblins (D:1)
  8 hobgoblins
  A quokka (D:2)
  3 bats (D:1)
  3 frilled lizards (D:1)
  3 kobolds (D:1)
  5 rats (D:1)
31 creatures vanquished.

Notes
Turn   | Place    | Note
-------+----------+-------------------------------------------
     0 | D:1      | Gadfly the Vampire Enchanter began the quest for the Orb.
     0 | D:1      | Reached XP level 1. HP: 13/13 MP: 3/3
   392 | D:1      | Reached XP level 2. HP: 7/15 MP: 3/5
   410 | D:1      | Learned a level 2 spell: Ensorcelled Hibernation
   880 | D:1      | Reached skill level 5 in Stealth
  1384 | D:1      | Reached XP level 3. HP: 13/19 MP: 1/6
  1605 | D:1      | Learned a level 3 spell: Confusing Touch
  1965 | D:1      | Reached skill level 5 in Hexes
  2127 | D:2      | Found a stormy altar of Qazlal.
  2177 | D:2      | Shot with a stone by a goblin

Illustrated notes

Levels and vault maps discovered:
D:1:      saegor_arrival_simple_b, layout_basic, hangedman_glass_teeth,
          minmay_surrounded
D:2:      layout_rooms, nicolae_qazlal_eye_of_the_storm

Skill      XL: |  1  2  3 |
---------------+----------+-----
Stealth        | 5 |  5.4
Hexes          | 5 |  5.0
Fighting       | |  0.3
Short Blades   | |  1.4
Dodging        | |  2.7
Spellcasting   | |  2.4

Action                   || total
-------------------------++-------
Melee: Dagger            ||    71
       Bite              ||     5
 Cast: Corona            ||     3
       Ensorcelled Hiber ||    18
       Confusing Touch   ||     1
 Abil: Exsanguinate      ||     1
  Use: Scroll            ||     2
       Potion            ||     2
 Stab: Sleeping          ||    20
       Confused          ||     1
Armor: Robe              ||    14
Dodge: Dodged            ||    64
